 Dungeon Crawl Stone Soup version 0.26.1-11-gd32895ea62 (webtiles) character file.

Game seed: 5037380211195299776

287 bnorton916 the Chiller (level 6, 0/41 HPs)
             Began as a Barachi Ice Elementalist on June 9, 2021.
             Slain by Grinder (4 damage)
             ... while paralysed by Grinder
             ... on level 4 of the Dungeon.
             The game lasted 00:06:13 (3575 turns).

bnorton916 the Chiller (Barachi Ice Elementalist)   Turns: 3575, Time: 00:06:14

Health: 0/41       AC: 12    Str: 10    XL:     6   Next: 30%
Magic:  4/13       EV:  2    Int: 25    God:
Gold:   124        SH:  0    Dex: 13    Spells: 7/14 levels left

rFire    . . .     SeeInvis .   (no weapon)
rCold    . . .     Faith    .   (no shield)
rNeg     . . .     Spirit   .   g - +0 robe (curse)
rPois    .         Reflect  .   l - +1 helmet {Int+3}
rElec    .         Harm     .   (no cloak)
rCorr    .         Rampage  .   (no gloves)
Will     .....                  (no boots)
Stlth    ++........             (no amulet)
HPRegen  0.13/turn              o - -4 ring of evasion (curse)
MPRegen  0.13/turn              q - +6 ring of intelligence

@: paralysed, icy armour, frozen ramparts, slow
A: +LOS, swims, slowness 1, strong legs 1
a: Hop


You were on level 4 of the Dungeon.
You visited 1 branch of the dungeon, and saw 4 of its levels.

You collected 124 gold pieces.

Inventory:

Missiles
 k - 12 poisoned darts (quivered)
Armour
 g - a cursed +0 robe (worn)
 l - a +1 helmet of intelligence (worn)
 r - a +0 buckler
Jewellery
 o - a cursed -4 ring of evasion (left hand)
 q - a +6 ring of intelligence (right hand)
 u - an uncursed ring of fire {unknown}
Wands
 n - a wand of enslavement (5)
 s - a wand of polymorph (8)
Scrolls
 a - a scroll of enchant weapon {unknown}
 b - a scroll of identify
 i - 4 scrolls of remove curse {unknown}
 m - a scroll of random uselessness {unknown}
Potions
 c - 2 potions of heal wounds
 f - a potion of curing
 h - 2 potions of magic {unknown}
 j - a potion of lignification {unknown}
 t - 3 potions of attraction
 v - a potion of flight {unknown}


   Skills:
 - Level 2.1 Dodging
 - Level 1.7 Stealth
 + Level 4.8 Spellcasting
 + Level 7.1 Ice Magic


You had 7 spell levels left.
You knew the following spells:

 Your Spells              Type           Power        Failure   Level
a - Freeze                Ice            100%         1%          1
b - Frozen Ramparts       Ice            84%          1%          3
c - Ozocubu's Armour      Ice            42%          1%          3

Your spell library contained the following spells:

 Spells                   Type           Power        Failure   Level
 Hailstorm                Conj/Ice       24%          19%         4
 Summon Ice Beast         Ice/Summ       24%          19%         4


Dungeon Overview and Level Annotations

Branches:
Dungeon (4/15)             Temple (0/1) D:4

Altars:
Kikubaaqudgha
Sif Muna

Portals:
Ossuary: D:4

Annotations:
D:4 Grinder


Innate Abilities, Weirdness & Mutations

You can be seen from farther away. (+LOS)
You can swim through water.
You cover ground slowly.
You can hop short distances.


Message History

Grinder resists.
The wall freezes Grinder.
Grinder hits you.
You writhe in agony.
Unknown command.
Casting: Frozen Ramparts (safe; 1% risk of failure)
Confirm with . or Enter, or press ? or * to list all spells.
A film of ice covers your body!
Grinder completely resists.
The wall freezes Grinder but does no damage.
Grinder gestures at you.
You suddenly lose the ability to move!
Grinder completely resists.
The wall freezes Grinder but does no damage.
Grinder hits you.
You writhe in agony.
* * * LOW HITPOINT WARNING * * *
Grinder resists.
The wall freezes Grinder.
Grinder hits you but does no damage.
Grinder completely resists.
The wall freezes Grinder but does no damage.
Grinder hits you.
* * * LOW HITPOINT WARNING * * *
You writhe in agony.
You die...

,*,,*,,,*,* *,#.<§§.#***,*
**+******,* *,#.##### *,*
,,,*,,*,,,* *,#.# *,*
,,,*,,*,,,* *,#.# *,*
**,**+***,* *,#.# *,*
,*,,+,,,*,* *,#.# *,*
,+,,*,,,*,* *,#.# *,*
***,*****,* *,#.# *,*
,,+,,+,,*.####.#@########.*
,,*,,*,,#........5....8...*
,,*,****#..###............*
***,+,,*,,,**###.#..8.∩.8.*
,,,,*,,+,,,,,,,..#.....?.#*
,*******,,****####....8..#
**,,*,,*,,* *,,....####
,+,,+,,*,,* *,,....#*
,****,,+,,******,,.(...*


You could see Grinder.

Vanquished Creatures
  2 orc wizards (D:2)
  Jessica (D:3)
  Ijyb (D:3)
  Natasha (thrice) (D:2)
  3 adders
  A worm (D:2)
  A dart slug (D:2)
  3 leopard geckos
  2 orcs (D:2)
  2 ball pythons
  4 giant cockroaches
  8 goblins
  11 hobgoblins
  A quokka (D:3)
  11 bats
  5 frilled lizards
  10 kobolds
  7 rats
76 creatures vanquished.

Notes
Turn   | Place    | Note
-------+----------+-------------------------------------------
     0 | D:1      | bnorton916 the Barachi Ice Elementalist began the quest for
                  | the Orb.
     0 | D:1      | Reached XP level 1. HP: 13/13 MP: 3/3
   212 | D:1      | Reached skill level 5 in Ice Magic
   223 | D:1      | Reached XP level 2. HP: 18/19 MP: 0/5
   844 | D:1      | Reached XP level 3. HP: 18/24 MP: 1/7
  1447 | D:1      | Learned a level 3 spell: Frozen Ramparts
  1451 | D:1      | Learned a level 3 spell: Ozocubu's Armour
  1798 | D:2      | Noticed Natasha
  1814 | D:2      | You fall into a shaft and drop 1 floor!
  2065 | D:3      | Found an ancient bone altar of Kikubaaqudgha.
  2076 | D:3      | Reached XP level 4. HP: 30/30 MP: 5/9
  2301 | D:3      | Noticed Ijyb
  2316 | D:3      | Killed Ijyb
  2317 | D:3      | Reached skill level 6 in Ice Magic
  2372 | D:2      | Killed Natasha
  2373 | D:2      | Reached XP level 5. HP: 35/35 MP: 4/10
  2551 | D:2      | Noticed Natasha
  2843 | D:2      | Killed Natasha
  2846 | D:2      | Reached XP level 6. HP: 33/41 MP: 8/12
  3001 | D:2      | Found a shimmering blue altar of Sif Muna.
  3010 | D:2      | Noticed Natasha
  3015 | D:2      | Killed Natasha
  3016 | D:2      | Reached skill level 7 in Ice Magic
  3144 | D:3      | Noticed Jessica
  3150 | D:3      | Killed Jessica
  3563 | D:4      | Noticed Grinder
  3564 | D:4      | Found a sand-covered staircase.
  3572 | D:4      | Paralysed by Grinder for 4 turns
  3575 | D:4      | Slain by Grinder

Illustrated notes

Levels and vault maps discovered:
D:1:      dpeg_arrival_round_c, layout_basic
D:2:      layout_rooms, lemuel_doored_altar, uniq_natasha
D:3:      layout_loops_ring, kiku_gazebo_pond_becter, uniq_jessica, uniq_ijyb
D:4:      corexii_shantytown, layout_loops_ring, marbit_many_paths,
          kennysheep_little_box, vehumet_crystals, minmay_temple_entry_trees,
          nicolae_ossuary_entry_monument, minmay_fire_ice_demons, uniq_grinder,
          uniq_eustachio

Skill      XL: |  1  2  3  4  5  6 |
---------------+-------------------+-----
Ice Magic      | 5 6 7 |  7.1
Spellcasting   | 3 4 |  4.8
Dodging        | |  2.1
Stealth        | |  1.7

Action                   |  1- 3 |  4- 6 || total
-------------------------+-------+-------++-------
Melee: Unarmed           |    10 |     6 ||    16
Throw: Dart              |     5 |       ||     5
 Cast: Freeze            |    68 |    29 ||    97
       Frozen Ramparts   |       |     8 ||     8
       Ozocubu's Armour  |       |     2 ||     2
 Abil: Hop               |     1 |       ||     1
  Use: Scroll            |       |     4 ||     4
Armor: Robe              |    16 |    20 ||    36
Dodge: Dodged            |    64 |    23 ||    87
